 Dungeon Crawl Stone Soup version 0.23-b1-6-ga921848 (webtiles) character file.

Game seed: 9535579955983631831

86 dengdeng the Skirmisher (level 4, 41/41 HPs)
             Began as a Minotaur Abyssal Knight on Feb 2, 2019.
             Was a Believer of Lugonu.
             Got out of the dungeon alive.
             The game lasted 00:05:55 (1625 turns).

dengdeng the Skirmisher (Minotaur Abyssal Knight)   Turns: 1625, Time: 00:05:56

Health: 41/41      AC:  6    Str: 17    XL:     4   Next: 27%
Magic:  4/4        EV:  9    Int:  9    God:    Lugonu [**....]
Gold:   44         SH:  0    Dex: 12    Spells: 3/3 levels left

rFire    . . .     SeeInvis .   a - +1 falchion
rCold    . . .     Gourm    +   (no shield)
rNeg     . . .     Faith    .   j - +0 scale mail
rPois    .         Spirit   .   (helmet restricted)
rElec    .         Reflect  .   (no cloak)
rCorr    .         Harm     .   (no gloves)
MR       .....                  (no boots)
Stlth    ..........             h - amulet of the gourmand
HPRegen  0.13/turn              d - +2 ring of dexterity
MPRegen  0.09/turn              (no ring)

@: no status effects
A: retaliatory headbutt, horns 2
a: Depart the Abyss, Bend Space, Renounce Religion


You escaped.
You worshipped Lugonu.
Lugonu was pleased with you.
You were completely stuffed.

You visited 1 branch of the dungeon, and saw 2 of its levels.
You visited the Abyss 1 time.

You collected 44 gold pieces.

Inventory:

Hand Weapons
 a - a +1 falchion (weapon)
Missiles
 k - 71 stones (quivered)
Armour
 j - a +0 scale mail (worn)
Jewellery
 d - a +2 ring of dexterity (left hand)
 h - an amulet of the gourmand (around neck)
Scrolls
 e - 3 scrolls of identify {unknown}
 i - a scroll of enchant armour {unknown}
 m - a scroll of amnesia {unknown}
Potions
 f - 2 potions of berserk rage {unknown}
 g - a potion of agility {unknown}
 l - a potion of degeneration {unknown}
Comestibles
 c - 2 rations


   Skills:
 + Level 4.8 Fighting
 * Level 4.2 Long Blades
 + Level 2.5 Armour
 + Level 1.1 Dodging
 + Level 2.2 Invocations


You had 3 spell levels left.
You didn't know any spells.
Your spell library was empty.

Dungeon Overview and Level Annotations

Branches:
Dungeon (2/15)

Altars:


Innate Abilities, Weirdness & Mutations

You reflexively headbutt those who attack you in melee.
You have a pair of horns on your head.


Message History

b - 4 chunks of flesh (gained 1)
Items here: )))) รทรท
Okay, then.
k - 70 stones (gained 1)
k - 71 stones (gained 1)
There is a stone staircase leading up here.
You climb upwards.
There is a stone staircase leading down here.
You start resting.
Eating one of 4 chunks of flesh.
You eat one of the 4 chunks of flesh.
This raw flesh tastes great.
All of the chunks of flesh in your inventory have rotted away.
HP restored.
Okay, then.
There is an open door here.
There is an open door here.
You open the door.
There is an open door here.
There is a staircase leading out of the dungeon here.
Are you sure you want to leave the Dungeon?
This will make you lose the game!
You have escaped!

########
#########......#
#.......#.####.#
#.......#.# #.#
#.......#.####.#
#............#.##
######....#.##.#..#
#.@>.#....#.##.....
#....#....#.###....
#....#.....).......
#....#.###.######..
#....#.# #.# #.#
####...###.# #.#
##...##.# ##'#
##.#.##.# ##...
#.....#.# ##....


There were no monsters in sight!

Vanquished Creatures
  4 gnolls (D:2)
  An adder (D:2)
  2 dart slugs (D:1)
  2 bats (D:1)
  3 giant cockroaches (D:1)
  6 goblins (D:1)
  6 hobgoblins
  A quokka (D:2)
  A frilled lizard (D:1)
  5 kobolds
  5 rats (D:1)
36 creatures vanquished.

Notes
Turn   | Place    | Note
-------+----------+-------------------------------------------
     0 | Abyss:1  | dengdeng the Minotaur Abyssal Knight began the quest for
                  | the Orb.
     0 | Abyss:1  | Reached XP level 1. HP: 19/19 MP: 1/1
     6 | Abyss:1  | Found a corrupted altar of Lugonu.
    43 | D:1      | Escaped the Abyss
   589 | D:1      | Reached XP level 2. HP: 27/27 MP: 2/2
   831 | D:1      | Reached ** piety under Lugonu
  1097 | D:1      | Reached XP level 3. HP: 33/33 MP: 3/3
  1307 | D:2      | Reached XP level 4. HP: 17/41 MP: 4/4
  1625 | D:$      | Got out of the dungeon alive.

Skill      XL: |  1  2  3 |
---------------+----------+-----
Fighting       | 4 |  4.8
Invocations    | 2 |  2.2
Long Blades    | 3 4 |  4.2
Armour         | |  2.5
Dodging        | |  1.1

Action                   |  1- 3 |  4- 6 || total
-------------------------+-------+-------++-------
Melee: Falchion          |    55 |    17 ||    72
       Headbutt          |    12 |     3 ||    15
Invok: Bend Space        |       |     1 ||     1
 Stab: Sleeping          |     1 |       ||     1
  Eat: Chunk             |    12 |     1 ||    13
Armor: Leather armour    |     6 |       ||     6
       Scale mail        |    11 |     7 ||    18
Dodge: Dodged            |    30 |     5 ||    35
       Rpst.: Falchion   |     7 |       ||     7
